| TOP OF THE 1ST |
|
Brockton Rox batting - Pitching for Chester Pirates : RHP Pei Xie
|
|
Pitching: RHP Pei Xie
|
|
|
Batting: LHB Robert Gonzalez
|
0-0: Ball 1-0: Ball 2-0: Ball 3-0: Called Strike 3-1: SINGLE (Groundball, 4M, EV 107.5 MPH) (infield hit)
|
|
Batting: RHB Willie Camacho
|
0-0: Ball 1-0: Foul Ball, location: 2F 1-1: Fielders Choice at 2nd, 6-4 (Groundball, 6, EV 92.5 MPH)
|
|
Batting: RHB Bakhtiar Asadov
|
0-0: Fly out, F8 (Flyball, 8RD, EV 99.4 MPH)
|
|
Batting: RHB Roger Mitchell
|
0-0: Ball Wild Pitch! Willie Camacho to second 1-0: Ball 2-0: Ball 3-0: Called Strike 3-1: Foul Ball, location: 2F 3-2: Strikes out swinging
|
| Top of the 1st over - 0 runs, 1 hit, 0 errors, 1 left on base; Brockton 0 - Chester 0 |
| BOTTOM OF THE 1ST |
|
Chester Pirates batting - Pitching for Brockton Rox : RHP Matt Collins
|
|
Pitching: RHP Matt Collins
|
|
|
Batting: RHB Rusty Trader
|
0-0: Ground out U3 (Groundball, 34S, EV 88.8 MPH)
|
|
Batting: LHB Chad Cutler
|
0-0: Foul Ball, location: 2F 0-1: Ball 1-1: Called Strike 1-2: Foul Ball, location: 2F 1-2: Strikes out swinging
|
|
Batting: RHB Dan Kurtz
|
0-0: Ball 1-0: Called Strike 1-1: Ball 2-1: Ground out 4-3 (Groundball, 4, EV 103.1 MPH)
|
| Bottom of the 1st over - 0 runs, 0 hits, 0 errors, 0 left on base; Brockton 0 - Chester 0 |
| TOP OF THE 2ND |
|
Brockton Rox batting - Pitching for Chester Pirates : RHP Pei Xie
|
|
Batting: RHB Panam Palmer
|
0-0: Ball 1-0: Foul Ball, location: 2F 1-1: Ball 2-1: Ball 3-1: Base on Balls
|
|
Batting: SHB Arihito Hiramoto
|
0-0: Called Strike 0-1: Ball 1-1: Ball 2-1: Swinging Strike 2-2: Strikes out swinging
|
|
Batting: LHB Kenny Jackson
|
0-0: Fielders Choice at 2nd, 1-6 (Groundball, 13S, EV 67.5 MPH)
|
|
Batting: RHB Estevan Carrillo
|
0-0: Swinging Strike 0-1: Called Strike 0-2: Strikes out looking
|
| Top of the 2nd over - 0 runs, 0 hits, 0 errors, 1 left on base; Brockton 0 - Chester 0 |
| BOTTOM OF THE 2ND |
|
Chester Pirates batting - Pitching for Brockton Rox : RHP Matt Collins
|
|
Batting: RHB Jon Solis
|
0-0: Ball 1-0: Called Strike 1-1: Swinging Strike 1-2: Ball 2-2: Strikes out looking
|
|
Batting: RHB Hector Barajas
|
0-0: Ball 1-0: Foul Ball, location: 2F 1-1: Ball 2-1: Called Strike 2-2: Strikes out swinging
|
|
Batting: RHB Ricky Alvarado
|
0-0: Fly out, F4 (Popup, 34, EV 77.5 MPH)
|
| Bottom of the 2nd over - 0 runs, 0 hits, 0 errors, 0 left on base; Brockton 0 - Chester 0 |
| TOP OF THE 3RD |
|
Brockton Rox batting - Pitching for Chester Pirates : RHP Pei Xie
|
|
Batting: LHB Isaiah Spitzbarth
|
0-0: Ball 1-0: Foul Ball, location: 2F 1-1: Foul Ball, location: 2F 1-2: Ball 2-2: Ball 3-2: Foul Ball, location: 2F 3-2: Foul Ball, location: 2F 3-2: Strikes out swinging, 2-3 out at first.
|
|
Batting: LHB Robert Gonzalez
|
0-0: Called Strike 0-1: Ball 1-1: Ground out 4-3 (Groundball, 4M, EV 102.5 MPH)
|
|
Batting: RHB Willie Camacho
|
0-0: Ball 1-0: Ground out U3 (Groundball, 34, EV 83.1 MPH)
|
| Top of the 3rd over - 0 runs, 0 hits, 0 errors, 0 left on base; Brockton 0 - Chester 0 |
| BOTTOM OF THE 3RD |
|
Chester Pirates batting - Pitching for Brockton Rox : RHP Matt Collins
|
|
Batting: LHB Kazuyoshi Ikeda
|
0-0: Ball 1-0: Fly out, F9 (Flyball, 89M, EV 88.1 MPH)
|
|
Batting: LHB Damien Cohen
|
0-0: Ball 1-0: Fly out, F8 (Line Drive, 8RM, EV 94.4 MPH)
|
|
Batting: RHB Rafael Galicia
|
0-0: Called Strike 0-1: Ball 1-1: Ball 2-1: Ball 3-1: Swinging Strike 3-2: Foul Ball, location: 2F 3-2: Strikes out swinging
|
| Bottom of the 3rd over - 0 runs, 0 hits, 0 errors, 0 left on base; Brockton 0 - Chester 0 |
| TOP OF THE 4TH |
|
Brockton Rox batting - Pitching for Chester Pirates : RHP Pei Xie
|
|
Batting: RHB Bakhtiar Asadov
|
0-0: Ball 1-0: Swinging Strike 1-1: Fly out, F4 (Line Drive, 4, EV 71.2 MPH)
|
|
Batting: RHB Roger Mitchell
|
0-0: Called Strike 0-1: Ball 1-1: Swinging Strike 1-2: Strikes out swinging
|
|
Batting: RHB Panam Palmer
|
0-0: Foul Ball, location: 2F 0-1: Ball 1-1: Foul Ball, location: 2F 1-2: Strikes out looking
|
| Top of the 4th over - 0 runs, 0 hits, 0 errors, 0 left on base; Brockton 0 - Chester 0 |
| BOTTOM OF THE 4TH |
|
Chester Pirates batting - Pitching for Brockton Rox : RHP Matt Collins
|
|
Batting: RHB Rusty Trader
|
0-0: Ball 1-0: Foul Ball, location: 2F 1-1: Ball 2-1: Ball 3-1: Base on Balls
|
|
Batting: LHB Chad Cutler
|
0-0: Called Strike 0-1: Foul Ball, location: 2F 0-2: Ball 1-2: Strikes out looking
|
|
Batting: RHB Dan Kurtz
|
0-0: Ball 1-0: Ball 2-0: Foul Ball, location: 2F 2-1: SINGLE (Groundball, 34D, EV 95.6 MPH) Rusty Trader to second Runner from 2nd tries for 3rd, SAFE, throw by RF made to third
|
|
Batting: RHB Jon Solis
|
0-0: Called Strike 0-1: Ball 1-1: Swinging Strike 1-2: Strikes out swinging
|
|
Batting: RHB Hector Barajas
|
0-0: Called Strike 0-1: Called Strike 0-2: Ball 1-2: Strikes out looking
|
| Bottom of the 4th over - 0 runs, 1 hit, 0 errors, 2 left on base; Brockton 0 - Chester 0 |
| TOP OF THE 5TH |
|
Brockton Rox batting - Pitching for Chester Pirates : RHP Pei Xie
|
|
Batting: SHB Arihito Hiramoto
|
0-0: Ball 1-0: Called Strike 1-1: Foul Ball, location: 2F 1-2: Strikes out looking
|
|
Batting: LHB Kenny Jackson
|
0-0: Called Strike 0-1: Ball 1-1: Ball 2-1: Called Strike 2-2: Strikes out swinging
|
|
Batting: RHB Estevan Carrillo
|
0-0: Ground out 1-3 (Groundball, 25, EV 70.6 MPH)
|
| Top of the 5th over - 0 runs, 0 hits, 0 errors, 0 left on base; Brockton 0 - Chester 0 |
| BOTTOM OF THE 5TH |
|
Chester Pirates batting - Pitching for Brockton Rox : RHP Matt Collins
|
|
Batting: RHB Ricky Alvarado
|
0-0: Called Strike 0-1: Swinging Strike 0-2: Ball 1-2: Foul Ball, location: 2F 1-2: Ball 2-2: Fly out, F9 (Flyball, 9, EV 82.5 MPH)
|
|
Batting: LHB Kazuyoshi Ikeda
|
0-0: Foul Ball, location: 2F 0-1: Called Strike 0-2: Foul Ball, location: 2F 0-2: Ball 1-2: Ball 2-2: Strikes out swinging
|
|
Batting: LHB Damien Cohen
|
0-0: Called Strike 0-1: Ball 1-1: Fly out, F7 (Flyball, 78D, EV 91.2 MPH)
|
| Bottom of the 5th over - 0 runs, 0 hits, 0 errors, 0 left on base; Brockton 0 - Chester 0 |
| TOP OF THE 6TH |
|
Brockton Rox batting - Pitching for Chester Pirates : RHP Pei Xie
|
|
Batting: LHB Isaiah Spitzbarth
|
0-0: Swinging Strike 0-1: Called Strike 0-2: Strikes out looking
|
|
Batting: LHB Robert Gonzalez
|
0-0: Ball 1-0: Called Strike 1-1: Called Strike 1-2: Strikes out swinging
|
|
Batting: RHB Willie Camacho
|
0-0: SINGLE (Groundball, 3D, EV 93.8 MPH)
|
|
Batting: RHB Bakhtiar Asadov
|
0-0: SINGLE (Groundball, P, EV 90.6 MPH) (infield hit) Willie Camacho to second
|
|
Batting: RHB Roger Mitchell
|
0-0: Ball 1-0: Foul Ball, location: 2F 1-1: Foul Ball, location: 2F 1-2: Ball 2-2: Strikes out looking
|
| Top of the 6th over - 0 runs, 2 hits, 0 errors, 2 left on base; Brockton 0 - Chester 0 |
| BOTTOM OF THE 6TH |
|
Chester Pirates batting - Pitching for Brockton Rox : RHP Matt Collins
|
|
Batting: RHB Rafael Galicia
|
0-0: Foul Ball, location: 2F 0-1: Ball 1-1: Foul Ball, location: 2F 1-2: Strikes out looking
|
|
Batting: RHB Rusty Trader
|
0-0: Called Strike 0-1: Ball 1-1: Foul Ball, location: 2F 1-2: Strikes out swinging
|
|
Batting: LHB Chad Cutler
|
0-0: Called Strike 0-1: Ball 1-1: Ball 2-1: Ball 3-1: Base on Balls
|
|
Pitching: RHP Armando Berrios
|
|
|
Batting: RHB Dan Kurtz
|
0-0: Ball Chad Cutler steals 2nd, throwing error, E2 Chad Cutler to third 1-0: Swinging Strike 1-1: Called Strike 1-2: Foul Ball, location: 2F 1-2: Ball 2-2: Ball 3-2: Base on Balls
|
|
Batting: RHB Jon Solis
|
0-0: Ball 1-0: Foul Ball, location: 2F 1-1: Ground out 4-3 (Groundball, 4, EV 96.2 MPH)
|
| Bottom of the 6th over - 0 runs, 0 hits, 1 error, 2 left on base; Brockton 0 - Chester 0 |
| TOP OF THE 7TH |
|
Brockton Rox batting - Pitching for Chester Pirates : RHP Pei Xie
|
|
Batting: RHB Panam Palmer
|
0-0: Foul Ball, location: 2F 0-1: SINGLE (Groundball, 6D, EV 98.8 MPH)
|
|
Batting: SHB Arihito Hiramoto
|
0-0: Bunted foul 0-1: Bunted foul 0-2: Ball 1-2: Ball 2-2: Ball 3-2: Strikes out swinging
|
|
Batting: LHB Kenny Jackson
|
0-0: Called Strike 0-1: Foul Ball, location: 2F 0-2: Ball 1-2: Strikes out swinging
|
|
Batting: RHB Estevan Carrillo
|
0-0: Called Strike 0-1: Ball 1-1: Ball 2-1: Ball Pickoff Throw to First - Out! 1-3
|
| Top of the 7th over - 0 runs, 1 hit, 0 errors, 0 left on base; Brockton 0 - Chester 0 |
| BOTTOM OF THE 7TH |
|
Chester Pirates batting - Pitching for Brockton Rox : RHP Armando Berrios
|
|
Batting: RHB Hector Barajas
|
0-0: Foul Ball, location: 2F 0-1: Ball 1-1: Called Strike 1-2: Ball 2-2: Ball 3-2: SINGLE (Groundball, 56D, EV 98.1 MPH)
|
|
Batting: RHB Ricky Alvarado
|
0-0: Called Strike 0-1: Ball 1-1: SINGLE (Groundball, 56, EV 78.8 MPH) (infield hit) Hector Barajas to second
|
|
Batting: LHB Kazuyoshi Ikeda
|
0-0: Bunted foul 0-1: Sac Bunt to 15 - play at first, batter OUT! 1-4 Hector Barajas to third Ricky Alvarado to second
|
|
Batting: LHB Damien Cohen
|
0-0: Fly out, F9 (Flyball, 89S, EV 73.1 MPH)
|
|
Batting: RHB Rafael Galicia
|
0-0: Ball 1-0: Ball 2-0: Called Strike 2-1: Foul Ball, location: 2F 2-2: Ball 3-2: Strikes out swinging, 2-3 out at first.
|
| Bottom of the 7th over - 0 runs, 2 hits, 0 errors, 2 left on base; Brockton 0 - Chester 0 |
| TOP OF THE 8TH |
|
Brockton Rox batting - Pitching for Chester Pirates : RHP Pei Xie
|
|
Pinch Hitting: SHB Robert Soto
|
0-0: Called Strike 0-1: Ball 1-1: Swinging Strike 1-2: Ball 2-2: SINGLE (Groundball, 4MD, EV 94.4 MPH)
|
|
Batting: RHB Kirk Cully
|
0-0: Fly out, F6 (Line Drive, 6, EV 66.2 MPH)
|
|
Batting: LHB Robert Gonzalez
|
0-0: Fielders Choice at 2nd, 4-6 (Groundball, 34, EV 88.8 MPH)
|
|
Batting: RHB Willie Camacho
|
0-0: Ball 1-0: Ball 2-0: SINGLE (Line Drive, 6MD, EV 97.5 MPH) Robert Gonzalez to second
|
|
Batting: RHB Bakhtiar Asadov
|
0-0: Ball 1-0: Ball 2-0: Called Strike 2-1: Fielders Choice at 2nd, U4 (Groundball, 4M, EV 88.1 MPH)
|
| Top of the 8th over - 0 runs, 2 hits, 0 errors, 2 left on base; Brockton 0 - Chester 0 |
| BOTTOM OF THE 8TH |
|
Chester Pirates batting - Pitching for Brockton Rox : RHP Armando Berrios
|
|
Pitching: RHP Nherbert Silivan
|
|
|
Now at 1B: Eric McClelland
|
|
|
Batting: RHB Rusty Trader
|
0-0: Ball 1-0: Called Strike 1-1: Swinging Strike 1-2: Strikes out looking
|
|
Batting: LHB Chad Cutler
|
0-0: Called Strike 0-1: Foul Ball, location: 2F 0-2: Strikes out swinging
|
|
Batting: RHB Dan Kurtz
|
0-0: Ball 1-0: Called Strike 1-1: Ball 2-1: Fly out, F8 (Flyball, 8RD, EV 101.2 MPH)
|
| Bottom of the 8th over - 0 runs, 0 hits, 0 errors, 0 left on base; Brockton 0 - Chester 0 |
| TOP OF THE 9TH |
|
Brockton Rox batting - Pitching for Chester Pirates : RHP Pei Xie
|
|
Batting: RHB Roger Mitchell
|
0-0: Ball 1-0: Called Strike 1-1: Ball 2-1: Ball 3-1: Base on Balls
|
|
Pitching: RHP Bill Gomez
|
|
|
Pinch Hitting: RHB Felix Rangel
|
0-0: Called Strike 0-1: Ball 1-1: Called Strike Roger Mitchell steals 2nd base 1-2: Ball 2-2: SINGLE (Flyball, 89S, EV 95.6 MPH) Roger Mitchell to third
|
|
Batting: SHB Arihito Hiramoto
|
0-0: Called Strike 0-1: Fly out, F7 (Flyball, 7, EV 88.8 MPH) Runner from 3rd tags up, SCORES, no throw by LF
|
|
Batting: LHB Kenny Jackson
|
0-0: Called Strike 0-1: Ball 1-1: Ball 2-1: Called Strike 2-2: Strikes out swinging
|
|
Pinch Hitting: LHB Kien-lung Zou
|
0-0: Called Strike 0-1: Foul Ball, location: 2F 0-2: Ball 1-2: Ball 2-2: Ball Felix Rangel steals 2nd base 3-2: Base on Balls
|
|
Batting: RHB Kirk Cully
|
0-0: Fly out, F4 (Popup, 4D, EV 49.4 MPH)
|
| Top of the 9th over - 1 run, 1 hit, 0 errors, 2 left on base; Brockton 1 - Chester 0 |
| BOTTOM OF THE 9TH |
|
Chester Pirates batting - Pitching for Brockton Rox : RHP Nherbert Silivan
|
|
Pitching: RHP Ross Ratcliffe
|
|
|
Now at 1B: Kien-lung Zou
|
|
|
Now in RF: Felix Rangel
|
|
|
Batting: RHB Jon Solis
|
0-0: Ball 1-0: Fly out, F7 (Flyball, 7S, EV 89.4 MPH)
|
|
Batting: RHB Hector Barajas
|
0-0: Ball 1-0: Called Strike 1-1: Ball 2-1: Called Strike 2-2: Strikes out swinging
|
|
Batting: RHB Ricky Alvarado
|
0-0: Called Strike 0-1: Foul Ball, location: 2F 0-2: Ball 1-2: Ball 2-2: Ball 3-2: Foul Ball, location: 2F 3-2: Strikes out swinging
|
| Bottom of the 9th over - 0 runs, 0 hits, 0 errors, 0 left on base; Brockton 1 - Chester 0 |
|